 Dungeon Crawl Stone Soup version 0.31-a0-848-gaac375c287 (webtiles) character file.

Game seed: 7184621393304664040

593 porpoise the Shooter (level 7, -10/55 HPs)
             Began as a Human Hunter on Oct 5, 2023.
             Mangled by a wyvern (12 damage)
             ... on level 6 of the Dungeon.
             The game lasted 00:11:35 (4319 turns).

porpoise the Shooter (Human Hunter)                 Turns: 4319, Time: 00:11:36

Health: -10/55     AC: 10    Str: 11    XL:     7   Next: 67%
Magic:  7/7        EV: 11    Int:  9    God:
Gold:   120        SH:  0    Dex: 19    Spells: 6/6 levels left

rFire   + . .        a - +0 orcbow
rCold   . . .        (shield currently unavailable)
rNeg    + . .        D - +3 ring mail of the Secret Servitors {rF+ Stlth+}
rPois   .            (no helmet)
rElec   .            p - +1 cloak
rCorr   .            (no gloves)
SInv    +            (no boots)
Will    +....        I - amulet of the acrobat
Stlth   ++           v - ring "Gotedoib" {*Corrode rN+ Will+ Slay+3 SInv}
HPRegen 0.29/turn    (no ring)
MPRegen 0.10/turn

%: corrode self (3%), acrobat
@: no status effects
A: no striking features
a: no special abilities


You were on level 6 of the Dungeon.
You visited 1 branch of the dungeon, and saw 6 of its levels.

You collected 211 gold pieces.
You spent 91 gold pieces at shops.

Inventory:

Hand Weapons
 a - a +0 orcbow (weapon)
 b - a +0 dagger of venom
 w - a +0 shortbow
 K - a +0 longbow
Missiles
 c - 4 boomerangs
 h - 4 javelins
 F - a throwing net
Armour
 o - a +1 scale mail of willpower
 p - a +1 cloak (worn)
 s - a scarf of shadows
 D - the +3 ring mail of the Secret Servitors (worn) {rF+ Stlth+}
   (You found it on level 4 of the Dungeon)

   rF+:       It protects you from fire.
   Stlth+:    It makes you more stealthy.
Jewellery
 d - an amulet of magic regeneration
 v - the ring "Gotedoib" (left hand) {*Corrode rN+ Will+ Slay+3 SInv}
   (You found it on level 3 of the Dungeon)

   [ring of positive energy]

   Slay+3:    It affects your accuracy & damage with ranged weapons and melee
   (+3).
   rN+:       It protects you from negative energy.
   Will+:     It increases your willpower.
   SInv:      It lets you see invisible.
   *Corrode:  It may corrode you when you take damage.
 I - an amulet of the acrobat (around neck)
Scrolls
 e - a scroll of silence {unknown}
 f - a scroll of butterflies
 k - a scroll of torment {unknown}
 l - a scroll of identify {unknown}
 q - a scroll of noise
 x - a scroll of enchant weapon {unknown}
 y - a scroll of enchant armour
 A - a scroll of fear {unknown}
 C - a scroll of poison {unknown}
 E - 2 scrolls of revelation
 G - a scroll of immolation {unknown}
 H - a scroll of fog {unknown}
Potions
 g - 2 potions of curing {unknown}
 i - a potion of degeneration {unknown}
 m - a potion of might {unknown}
 n - a potion of invisibility {unknown}
 r - a potion of lignification {unknown}
 t - a potion of attraction {unknown}
 u - a potion of resistance {unknown}
 z - a potion of ambrosia {unknown}
 B - a potion of enlightenment {unknown}
 J - a potion of heal wounds {unknown}


   Skills:
 + Level 4.8 Fighting
 * Level 7.5 Ranged Weapons
 - Level 2.0 Dodging
 - Level 1.0 Stealth


You had 6 spell levels left.
You didn't know any spells.
Your spell library contained the following spells:

 Spells                   Type           Power      Damage    Failure   Level
 Slow                     Hex            0%         N/A       69%         1
 Confusing Touch          Hex            0%         N/A       96%         3
 Sigil of Binding         Hex            0%         N/A       96%         3
 Vampiric Draining        Necr           0%         2d6       96%         3
 Volatile Blastmotes      Fire/Tloc      0%         2d10      96%         3
 Fulminant Prism          Conj/Hex       0%         3d5       100%        4
 Iskenderun's Mystic Bla  Conj/Tloc      0%         2d3       100%        4


Dungeon Overview and Level Annotations

Branches:
Dungeon (6/15)
 Temple: D:4-7

Altars:
Ru
Sif Muna

Shops:
D:5 (

Annotations:
D:5 2 runed translucent doors
D:6 Eustachio, Pikel


Message History

Aim: an orc, wielding a +0 hand axe (severely wounded, 64% to hit)
You shoot an arrow. The arrow hits the orc!
You kill the orc!
Unknown command.
You start resting.
A wyvern is nearby!
Fire: a) +0 orcbow
Press: ? - help, Q - select action, (/) - cycle Shift-Dir - straight line, f - wyvern
Aim: a wyvern (wandering, hasn't noticed you, 64% to hit)
You shoot an arrow. The wyvern hisses angrily.
The arrow hits the wyvern!
The wyvern is moderately wounded.
You hear a shout!
You shoot an arrow. The arrow hits the wyvern.
The wyvern is heavily wounded.
The wyvern barely misses you.
Eustachio the Magnificent comes into view.
He is wielding a +0 rapier.
The wyvern bites you!
You shoot an arrow. The arrow barely misses the wyvern.
The wyvern bites you!
* * * LOW HITPOINT WARNING * * *
The wyvern bites you but does no damage.
You shoot an arrow. The arrow barely misses the wyvern.
The wyvern barely misses you.
Eustachio mumbles some strange words.
Eustachio blinks!
The wyvern barely misses you.
You shoot an arrow. The arrow barely misses the wyvern.
The wyvern bites you.
* * * LOW HITPOINT WARNING * * *
The wyvern bites you but does no damage.
You shoot an arrow. The arrow barely misses the wyvern.
The wyvern completely misses you.
Eustachio says, "Summoning is fun!"
You shoot an arrow. The arrow barely misses the wyvern.
The wyvern bites you but does no damage.
The wyvern bites you.
* * * LOW HITPOINT WARNING * * *
You shoot an arrow. The arrow hits the wyvern!
The wyvern is severely wounded.
The wyvern bites you!
You die...

....#... ......
### ..... .#.##
...###....#
...#.....
###)....# ##
#.o....##..##
......)##)#......#
##.##..#@)#.......
##.##l....## #o
#.....# oo #@....#
o. ##....# ..
.....'. ..##.'..
..# ##≈.♣ .... ≈..


You could see Eustachio and a wyvern.

Vanquished Creatures
  An ogre (D:5)
  4 lemures
  A phantom (D:4)
  3 hounds
  An orc priest (D:6)
  A sleepcap (D:6)
  Terence (D:2)
  2 iguanas
  3 gnolls (D:3)
  6 adders
  A white imp (D:6)
  3 ufetubi (D:5)
  2 dart slugs
  16 orcs
  9 bats
  6 endoplasms
  A giant cockroach (D:4)
  4 goblins
  5 hobgoblins
  2 jackals (D:2)
  6 quokkas
  3 training dummies (D:5)
  5 ball pythons
  4 frilled lizards
  6 kobolds
  7 rats
103 creatures vanquished.

Notes
Turn   | Place    | Note
-------+----------+-------------------------------------------
     0 | D:1      | porpoise the Human Hunter began the quest for the Orb.
     0 | D:1      | Reached XP level 1. HP: 16/16 MP: 1/1
    68 | D:1      | Reached XP level 2. HP: 21/22 MP: 2/2
   270 | D:1      | Reached XP level 3. HP: 28/28 MP: 3/3
   823 | D:2      | Reached skill level 5 in Ranged Weapons
   823 | D:2      | Reached XP level 4. HP: 34/34 MP: 4/4
   832 | D:2      | Noticed Terence
   843 | D:2      | Killed Terence
  1001 | D:2      | Found a shimmering blue altar of Sif Muna.
  1280 | D:2      | Noticed a great orb of eyes
  1283 | D:2      | Reached XP level 5. HP: 41/41 MP: 5/5
  1285 | D:2      | Found a faded altar of an unknown god.
  1287 | D:2      | Noticed a golden eye
  1287 | D:2      | Noticed a shining eye
  1287 | D:2      | Noticed an eye of devastation
  1881 | D:3      | Identified the ring "Gotedoib" {*Corrode rN+ Will+ Slay+3
                  | SInv}
  2502 | D:4      | Found a sacrificial altar of Ru.
  2519 | D:4      | Noticed a phantom
  2532 | D:4      | Killed a phantom
  2533 | D:4      | Reached skill level 6 in Ranged Weapons
  2533 | D:4      | Reached XP level 6. HP: 34/48 MP: 6/6
  2692 | D:4      | Identified the +3 ring mail of the Secret Servitors {rF+
                  | Stlth+}
  3219 | D:5      | Entered Level 5 of the Dungeon
  3293 | D:5      | Noticed an ogre
  3299 | D:5      | Killed an ogre
  3410 | D:5      | Found Viplowex's Firing Range.
  3419 | D:5      | Bought a +0 longbow for 91 gold pieces
  3489 | D:5      | Reached XP level 7. HP: 54/54 MP: 7/7
  3576 | D:5      | Found a runed translucent door.
  3578 | D:5      | Found a runed translucent door.
  3578 | D:5      | Noticed a vampire mosquito
  3765 | D:5      | Reached skill level 7 in Ranged Weapons
  4199 | D:6      | Noticed Pikel
  4206 | D:6      | Noticed a wyvern
  4313 | D:6      | Noticed Eustachio
  4318 | D:6      | HP: 2/55 [wyvern (2)]
  4319 | D:6      | Mangled by a wyvern

Illustrated notes

Levels and vault maps discovered:
D:1:      denvon_arrival_waterhouse, layout_loops_ring, hangedman_glass_teeth
D:2:      layout_loops_cross, hellmonk_ecumenical_altar_watching_god,
          basic_altar, chequers_serial_rivers_large_a, nrook_mini_vaults,
          hangedman_decor_opposing, uniq_terence
D:3:      layout_basic, minivault_5, moated_statue
D:4:      layout_cave_pods, nicolae_ru_awakened_eye, serial_bayou_lake_a
D:5:      lemuel_insect_pit, layout_loops_ring,
          amcnicky_mini_rare_corridor_liquid, nicolae_shop_firing_range
D:6:      layout_cave_pools, tso_oasis_becter, minmay_temple_entry_grid,
          kennysheep_generic_room_7, uniq_eustachio, uniq_pikel

Skill      XL: |  1  2  3  4  5  6  7 |
---------------+----------------------+-----
Ranged Weapons | 5 6 7 |  7.5
Fighting       | 3 4 |  4.8
Dodging        | |  2.0
Stealth        | |  1.0

Action                     |  1- 3 |  4- 6 |  7- 9 || total
---------------------------+-------+-------+-------++-------
  Melee: Dagger            |     2 |       |       ||     2
   Fire: Shortbow          |    77 |   147 |       ||   224
         Longbow           |       |     3 |    36 ||    39
         Orcbow            |       |       |    53 ||    53
    Use: Scroll            |       |     2 |     3 ||     5
 Armour: Leather armour    |    18 |       |       ||    18
         Ring mail         |       |    35 |    65 ||   100
  Dodge: Dodged            |    20 |    34 |    58 ||   112

Table legend: (Time is in decaauts)
 A = Elapsed time spent in this place.
 B = Non-inter-level travel time spent in this place.
 C = Inter-level travel time spent in this place.
 D = Time resting spent in this place.
 E = Time spent auto-exploring this place.
 F = Levels seen in this place.
 G = Mean time per level.
                   A        B        C        D        E       F      G
               +--------+--------+--------+--------+--------+-----+--------+
         Total |   4432 |   4308 |    124 |    495 |   3058 |   6 |  738.7 |
       Dungeon |   4432 |   4308 |    124 |    495 |   3058 |   6 |  738.7 |
               +--------+--------+--------+--------+--------+-----+--------+

Top non-repeatable levels by time:
     D:3: 950 daAuts
     D:4: 913 daAuts
     D:5: 835 daAuts
     D:2: 744 daAuts
     D:1: 703 daAuts
     D:6: 286 daAuts
